 Dungeon Crawl Stone Soup version 0.30-a0-1103-g25895a7845 (webtiles) character file.

Game seed: 16043094408182244517

1351 bearlyready the Cudgeller (level 8, -1/96 HPs)
             Began as a Gnoll Reaver on Apr 18, 2023.
             Was a Follower of Makhleb.
             Succumbed to a water moccasin's poison
             ... on level 5 of the Dungeon.
             The game lasted 00:07:21 (5142 turns).

bearlyready the Cudgeller (Gnoll Reaver)            Turns: 5142, Time: 00:07:22

Health: -1/96      AC: 28    Str: 14    XL:     8   Next: 63%
Magic:  14/17      EV:  2    Int: 13    God:    Makhleb [*.....]
Gold:   213        SH:  0    Dex: 10    Spells: 16/19 levels left

rFire   + . .      SeeInvis .    f - +2 short sword (speed)
rCold   . . .      Faith    .    (no shield)
rNeg    . . .      Spirit   .    A - melded +0 ring mail
rPois   +          Reflect  .    l - melded +1 helmet
rElec   .          Rampage  .    (cloak currently unavailable)
rCorr   .          NoTele   +    m - melded +0 pair of gloves
Will    .....                    (boots currently unavailable)
Stlth   ++                       (no amulet)
HPRegen 0.36/turn                t - +4 ring of protection
MPRegen 0.15/turn                F - ring of protection from fire

@: mighty, lethally poisoned (-1 -> -12), tree-form, marked, very slightly
contaminated, invisible
A: stationary, stasis, torment immunity, boosted hp, (fangs 1), strong nose,
distributed training
a: Renounce Religion


You were on level 5 of the Dungeon.
You worshipped Makhleb.
Makhleb was aware of your devotion.
You were a tree.
You visited 1 branch of the dungeon, and saw 6 of its levels.

You collected 213 gold pieces.

Inventory:

Hand Weapons
 a - a +0 mace
 f - a +2 short sword of speed (weapon)
Missiles
 o - 3 boomerangs
 r - 5 curare-tipped darts (quivered)
 y - 11 poisoned darts
Armour
 b - a +0 leather armour
 h - a +1 hat
 l - a +1 helmet (melded)
 m - a +0 pair of gloves (melded)
 q - a +0 scale mail
 A - a +0 ring mail (melded)
Jewellery
 t - a +4 ring of protection (left branch)
 F - a ring of protection from fire (right branch)
Wands
 n - a wand of roots (6)
Scrolls
 d - 2 scrolls of enchant armour {unknown}
 e - 2 scrolls of fear {unknown}
 k - 5 scrolls of teleportation {unknown}
 s - 2 scrolls of identify {unknown}
 v - a scroll of noise {unknown}
 w - 2 scrolls of poison {unknown}
 x - a scroll of amnesia {unknown}
 D - 2 scrolls of vulnerability {unknown}
Potions
 c - a potion of heal wounds {unknown}
 g - a potion of mutation {unknown}
 i - a potion of might
 p - a potion of curing {unknown}
 u - a potion of flight {unknown}
 z - a potion of haste {unknown}
 B - a potion of invisibility
 C - a potion of berserk rage {unknown}
 E - a potion of brilliance {unknown}


   Skills:
 + Level 5.9 Fighting
 + Level 3.5 Short Blades
 + Level 3.5 Long Blades
 + Level 3.5 Axes
 + Level 7.5 Maces & Flails
 + Level 3.5 Polearms
 + Level 3.5 Staves
 + Level 3.5 Ranged Weapons
 + Level 3.5 Throwing
 + Level 3.5 Armour
 + Level 5.9 Dodging
 + Level 3.5 Stealth
 + Level 3.5 Shields
 + Level 3.5 Unarmed Combat
 + Level 6.2 Spellcasting
 + Level 6.2 Conjurations
 + Level 2.9 Hexes
 + Level 2.9 Summonings
 + Level 2.9 Necromancy
 + Level 2.9 Translocations
 + Level 2.9 Transmutations
 + Level 2.9 Fire Magic
 + Level 2.9 Ice Magic
 + Level 2.9 Air Magic
 + Level 2.9 Earth Magic
 + Level 2.9 Poison Magic
 + Level 3.9 Invocations
 + Level 3.5 Evocations


You had 16 spell levels left.
You knew the following spells:

 Your Spells              Type           Power      Damage    Failure   Level
a - Kiss of Death         Conj/Necr      64%        2d10      2%          1
b - Momentum Strike       Conj/Tloc      32%        3d8       3%          2

Your spell library contained the following spells:

 Spells                   Type           Power      Damage    Failure   Level
 Poisonous Vapours        Pois/Air       22%        N/A       8%          2
 Hailstorm                Conj/Ice       16%        3d6       8%          3
 Mephitic Cloud           Conj/Pois/Air  14%        N/A       10%         3
 Anguish                  Hex/Necr       5%         N/A       43%         4
 Cause Fear               Hex            5%         N/A       43%         4
 Freezing Cloud           Conj/Ice/Air   7%         6-21      65%         5
 Enfeeble                 Hex            5%         N/A       100%        7


Dungeon Overview and Level Annotations

Branches:
Dungeon (6/15)             Temple (0/1) D:4

Altars:
Cheibriados
Elyvilon
Makhleb
Qazlal
Ru
Wu Jian

Shops:
D:1 :

Annotations:
D:4 2 runed translucent doors, Rudyous's ghost, amateur DECj


Innate Abilities, Weirdness & Mutations

You are a tree.
Your roots penetrate the ground, keeping you stationary.
You cannot be teleported.
You are immune to unholy pain and torment.
Your maximum health is greatly increased.
Your equipment is partially melded.
((You have very sharp teeth.))
Your uncanny sense of smell can sniff out nearby items.
Your experience applies equally to all skills.


Message History

Press: ? - help, Dir - move target, f/p - water moccasin
Aim: a water moccasin (moderately wounded, 53% to hit)
The concentrated momentum hits the water moccasin!
The water moccasin is almost dead.
You are unable to move.
You feel very sick.
The water moccasin bites you but does no damage.
You barely miss the water moccasin.
You punch the water moccasin, but do no damage.
The water moccasin is almost dead.
You feel sick. The water moccasin barely misses you.
You hit the water moccasin.
The water moccasin is almost dead.
You feel sick. The water moccasin bites you.
* * * LOW HITPOINT WARNING * * *
You are lethally poisoned!
The water moccasin poisons you!
Aiming: Fastroot
Press: ? - help, Shift-Dir - straight line, f/p - water moccasin
Aim: a water moccasin (almost dead)
The roots erupt in riotous growth!
Roots grab the water moccasin.
The grasping roots constrict the water moccasin.
You kill the water moccasin!
Makhleb accepts your kill.
* * * LOW HITPOINT WARNING * * *
You feel very sick.
It was a potion of might.
You feel very mighty all of a sudden.
* * * LOW HITPOINT WARNING * * *
You feel very sick.
It was a potion of invisibility.
You fade into invisibility!
You are no longer robbed of momentum.
* * * LOW HITPOINT WARNING * * *
You feel very sick.
It was a potion of lignification.
You turn into a tree.
Your +1 helmet melds into your body.
Your +0 pair of gloves melds into your body.
Your +0 ring mail melds into your body.
Your roots penetrate the ground.
You die...

#.# #.# #######.##
#.########### .........#
#...†.......# ..#####..#
#.###########
#.#####..########.##
...................#
#..####..########..#
#..####..########..########
.......)))......♣....)....#
#..####..##.####...######.#
#..# #...................#
#..# #..##........######.#
#..####..##.####...######.###
............................#
#.#####.###.####...######.###
......#............# #.#
##....#............# #.#


There were no monsters in sight!

Vanquished Creatures
  Sigmund (D:2)
  A water moccasin (D:5)
  An ice beast (D:6)
  A sky beast (D:5)
  2 ogres (D:5)
  A centaur (D:5)
  A phantom (D:3)
  A bullfrog (D:5)
  A scorpion (D:5)
  3 hounds
  3 iron imps (D:3)
  A sleepcap (D:5)
  An orc wizard (D:3)
  Natasha (thrice) (D:2)
  An iguana (D:4)
  Robin (D:2)
  4 adders
  A white imp (D:5)
  An ufetubus (D:5)
  A worm (D:4)
  A dart slug (D:4)
  8 orcs
  7 bats
  7 endoplasms
  4 giant cockroaches
  11 goblins
  10 hobgoblins
  3 jackals (D:2)
  A quokka (D:1)
  6 ball pythons
  3 frilled lizards
  6 kobolds
  4 rats
101 creatures vanquished.

Vanquished Creatures (others)
  4 plants (D:1)
4 creatures vanquished.

Grand Total: 105 creatures vanquished

Notes
Turn   | Place    | Note
-------+----------+-------------------------------------------
     0 | D:1      | bearlyready the Gnoll Reaver began the quest for the Orb.
     0 | D:1      | Reached XP level 1. HP: 20/20 MP: 6/6
   268 | D:1      | Reached XP level 2. HP: 26/26 MP: 7/7
   355 | D:1      | Found a transporter.
   357 | D:1      | Found Hyiqe's Book Shop.
   437 | D:1      | Found a transporter.
  1032 | D:2      | Reached skill level 5 in Spellcasting
  1032 | D:2      | Reached XP level 3. HP: 27/31 MP: 7/9
  1071 | D:2      | Noticed Robin
  1075 | D:2      | Reached skill level 1 in Invocations
  1088 | D:2      | Killed Robin
  1089 | D:2      | Reached skill level 1 in Short Blades
  1089 | D:2      | Reached skill level 1 in Long Blades
  1089 | D:2      | Reached skill level 1 in Axes
  1089 | D:2      | Reached skill level 1 in Polearms
  1089 | D:2      | Reached skill level 1 in Staves
  1089 | D:2      | Reached skill level 1 in Ranged Weapons
  1089 | D:2      | Reached skill level 1 in Throwing
  1089 | D:2      | Reached skill level 1 in Armour
  1089 | D:2      | Reached skill level 1 in Stealth
  1089 | D:2      | Reached skill level 1 in Shields
  1089 | D:2      | Reached skill level 1 in Unarmed Combat
  1089 | D:2      | Reached skill level 1 in Evocations
  1235 | D:2      | Noticed Natasha
  1251 | D:2      | Killed Natasha
  1252 | D:2      | Reached skill level 1 in Hexes
  1252 | D:2      | Reached skill level 1 in Summonings
  1252 | D:2      | Reached skill level 1 in Necromancy
  1252 | D:2      | Reached skill level 1 in Translocations
  1252 | D:2      | Reached skill level 1 in Transmutations
  1252 | D:2      | Reached skill level 1 in Fire Magic
  1252 | D:2      | Reached skill level 1 in Ice Magic
  1252 | D:2      | Reached skill level 1 in Air Magic
  1252 | D:2      | Reached skill level 1 in Earth Magic
  1252 | D:2      | Reached skill level 1 in Poison Magic
  1252 | D:2      | Reached XP level 4. HP: 19/38 MP: 11/11
  1349 | D:2      | Learned a level 2 spell: Momentum Strike
  1411 | D:2      | Noticed Natasha
  1422 | D:2      | Killed Natasha
  1536 | D:2      | Noticed Sigmund
  1541 | D:2      | Killed Sigmund
  1542 | D:2      | Reached skill level 5 in Fighting
  1542 | D:2      | Reached skill level 5 in Dodging
  1542 | D:2      | Reached XP level 5. HP: 44/44 MP: 12/12
  1542 | D:2      | Reached XP level 6. HP: 51/51 MP: 14/14
  1672 | D:2      | Found a faded altar of an unknown god.
  1709 | D:2      | Noticed Natasha
  1722 | D:2      | Killed Natasha
  2188 | D:3      | Found a burning altar of Makhleb.
  2393 | D:3      | Reached skill level 7 in Maces & Flails
  2393 | D:3      | Reached XP level 7. HP: 43/56 MP: 15/15
  2476 | D:3      | Became a worshipper of Makhleb the Destroyer
  2569 | D:3      | Found a sacrificial altar of Ru.
  3151 | D:4      | Found a stormy altar of Qazlal.
  3208 | D:4      | Found a runed translucent door.
  3214 | D:4      | Noticed Rudyous's ghost (amateur DECj)
  3245 | D:4      | Found an ornate altar of the Wu Jian Council.
  3245 | D:4      | Found a white marble altar of Elyvilon.
  3404 | D:4      | Found a snail-covered altar of Cheibriados.
  3518 | D:4      | Found a staircase to the Ecumenical Temple.
  3789 | D:4      | Found a runed translucent door.
  3838 | D:5      | Entered Level 5 of the Dungeon
  4468 | D:5      | Reached XP level 8. HP: 37/63 MP: 16/16
  4755 | D:5      | Reached * piety under Makhleb
  5141 | D:5      | HP: 1/64 [poisoned by a water moccasin]
  5142 | D:5      | Succumbed to a water moccasin's poison

Illustrated notes

Levels and vault maps discovered:
D:1:      arrival_zaba_pyramid, layout_loops_ring, serial_bayou,
          serial_bayou_shore_b, serial_bayou_lagoon_b, serial_bayou_shore_a,
          serial_bayou_pond_e, serial_bayou_shore_b, serial_shops,
          nicolae_shop_drivethru
D:2:      layout_loops_ring, hellmonk_ecumenical_altar_dog_temple, uniq_robin,
          uniq_natasha, uniq_sigmund
D:3:      layout_basic, demons_altar, nicolae_ru_path_of_blood
D:4:      layout_basic, grunt_qazlal_sundering, mainiacjoe_overflow_24_doors,
          gammafunk_temple_overflow_statue, minmay_temple_entry_mist,
          ebering_ghost_sewer_f, hangedman_decor_peaks_small,
          hangedman_decor_points
D:5:      layout_basic
D:6:      layout_cave_pools, nicolae_overflow_crystal_walls,
          ebering_ghost_sewer_d, kennysheep_generic_room_11

Skill      XL: |  1  2  3  4  5  6  7  8 |
---------------+-------------------------+-----
Spellcasting   | 5 6 |  6.2
Invocations    | 1 2 3 |  3.9
Short Blades   | 1 2 3 |  3.5
Long Blades    | 1 2 3 |  3.5
Axes           | 1 2 3 |  3.5
Polearms       | 1 2 3 |  3.5
Staves         | 1 2 3 |  3.5
Ranged Weapons | 1 2 3 |  3.5
Throwing       | 1 2 3 |  3.5
Armour         | 1 2 3 |  3.5
Stealth        | 1 2 3 |  3.5
Shields        | 1 2 3 |  3.5
Unarmed Combat | 1 2 3 |  3.5
Evocations     | 1 2 3 |  3.5
Hexes          | 1 2 |  2.9
Summonings     | 1 2 |  2.9
Necromancy     | 1 2 |  2.9
Translocations | 1 2 |  2.9
Transmutations | 1 2 |  2.9
Fire Magic     | 1 2 |  2.9
Ice Magic      | 1 2 |  2.9
Air Magic      | 1 2 |  2.9
Earth Magic    | 1 2 |  2.9
Poison Magic   | 1 2 |  2.9
Fighting       | 5 |  5.9
Dodging        | 5 |  5.9
Maces & Flails | 7 |  7.5
Conjurations   | 6 |  6.2

Action                     |  1- 3 |  4- 6 |  7- 9 || total
---------------------------+-------+-------+-------++-------
  Melee: Mace              |    42 |       |       ||    42
         Bite              |    12 |    11 |    43 ||    66
         Short sword       |    78 |   105 |   298 ||   481
         Punch             |     2 |     3 |     5 ||    10
  Throw: Dart              |       |     5 |       ||     5
   Cast: Momentum Strike   |       |       |     1 ||     1
  Evoke: Wand              |       |       |     2 ||     2
    Use: Potion            |       |       |     3 ||     3
   Stab: Sleeping          |       |       |     3 ||     3
 Armour: Leather armour    |    42 |    14 |    12 ||    68
         Ring mail         |       |       |    69 ||    69
  Dodge: Dodged            |    86 |    38 |   117 ||   241

Table legend: (Time is in decaauts)
 A = Elapsed time spent in this place.
 B = Non-inter-level travel time spent in this place.
 C = Inter-level travel time spent in this place.
 D = Time resting spent in this place.
 E = Time spent auto-exploring this place.
 F = Levels seen in this place.
 G = Mean time per level.
                   A        B        C        D        E       F      G
               +--------+--------+--------+--------+--------+-----+--------+
         Total |   4990 |   4774 |    216 |      0 |   3950 |   6 |  831.7 |
       Dungeon |   4990 |   4774 |    216 |      0 |   3950 |   6 |  831.7 |
               +--------+--------+--------+--------+--------+-----+--------+

Top non-repeatable levels by time:
     D:3: 1215 daAuts
     D:5: 1187 daAuts
     D:1: 1026 daAuts
     D:2: 865 daAuts
     D:4: 659 daAuts
     D:6: 37 daAuts
